Match 46963191
Unlisted

Match 46963191
End
Construct Barracks
Riflemen Squad
Selects Advanced Infantry Battlegroup
1⁄4-ton 4x4 Truck
Riflemen Squad
Grenade Package
Riflemen Squad
Air Support Center
Engineer Squad
P-47 Strafing Run
Air Supply
Selects Convert to Ranger Squad
Selects Frontline Medical Station
Grasshopper Recon Run
Construct Motor Pool
M24 Chaffee Light Tank
Grasshopper Recon Run
P-47 Strafing Run
Selects Ammunition Storage
Frontline Medical Station
P-47 Strafing Run
M8 Greyhound Armored Car
Selects M2A1 105mm Howitzer Emplacement
Selects Infantry Assault
Infantry Assault
Grasshopper Recon Run
Engineer Squad
M24 Chaffee Light Tank
Grasshopper Recon Run
Infantry Assault
M1 Anti-tank Gun Team
Selects M2A1 105mm Howitzer Emplacement
Grasshopper Recon Run
P-47 Strafing Run
M1 Anti-tank Gun Team
M1918 Browning Automatic Rifles
M24 Chaffee Light Tank
Grasshopper Recon Run
Riflemen Squad
Arwootarch
Achilles Gaming @ YouTube
TacticalVanguard
BazookaJoe
The101stAirBorne ITA
Valieriumborn
Konrad Curze
FLOKL
0
0

Comments sign in to comment!

No comments posted yet!